 Dungeon Crawl Stone Soup version 0.22-a0-858-g985ef60 (webtiles) character file.

112 Kuinu the Skirmisher (level 4, 0/41 HPs)
             Began as a Minotaur Fighter on July 27, 2018.
             Slain by an orc
             ... wielding a cursed -3 mace
              (3 damage)
             ... on level 3 of the Dungeon.
             The game lasted 00:04:23 (1643 turns).

Kuinu the Skirmisher (Minotaur Fighter)             Turns: 1643, Time: 00:04:24

Health: 0/41       AC: 11    Str: 21    XL:     4   Next: 64%
Magic:  3/3        EV:  5    Int:  5    God:
Gold:   85         SH:  9    Dex: 10    Spells: 3/3 levels left

rFire    . . .     SeeInvis .   m - -2 dagger (curse)
rCold    + . .     Gourm    +   c - +0 shield
rNeg     . . .     Faith    .   g - +1 chain mail {rC+}
rPois    .         Spirit   .   (helmet restricted)
rElec    .         Reflect  .   l - +0 cloak
rCorr    .         Harm     .   (no gloves)
MR       .....                  (no boots)
Stlth    ..........             o - amulet of the gourmand
HPRegen  0.13/turn              n - ring of flight
MPRegen  0.08/turn              (no ring)

@: no status effects
A: retaliatory headbutt, horns 2
a: Evoke Flight


You were on level 3 of the Dungeon.
You were completely stuffed.

You visited 1 branch of the dungeon, and saw 3 of its levels.

You collected 85 gold pieces.

Inventory:

Hand Weapons
 a - a +0 long sword
 m - a cursed -2 dagger (weapon)
Armour
 c - a +0 shield (worn)
 g - a +1 chain mail of cold resistance (worn)
 j - a +0 chain mail
 l - a +0 cloak (worn)
Jewellery
 n - a ring of flight (left hand)
 o - an amulet of the gourmand (around neck)
Scrolls
 e - a scroll of enchant armour
 k - a scroll of amnesia {unknown}
Potions
 b - 2 potions of haste {unknown}
 d - a potion of might
 h - a potion of mutation {unknown}
 p - a potion of curing {unknown}
Comestibles
 f - 4 rations


   Skills:
 * Level 4.7 Fighting
 * Level 3.9 Long Blades
 + Level 4.2 Armour
 + Level 4.3 Shields


You had 3 spell levels left.
You didn't know any spells.
Your spell library was empty.

Dungeon Overview and Level Annotations

Branches:
Dungeon (3/15)

Altars:
Sif Muna


Innate Abilities, Weirdness & Mutations

You reflexively headbutt those who attack you in melee.
You have a pair of horns on your head.


Message History

You block the orc's attack.
You barely miss the orc priest. You headbutt the orc priest!
The orc priest is severely wounded.
The orc priest mumbles some strange prayers to Beogh against you.
Pain shoots through your body!
* * * LOW HITPOINT WARNING * * *
The orc hits you with a mace.
* * * LOW HITPOINT WARNING * * *
You hit the orc priest but do no damage.
The orc priest is severely wounded.
The orc priest hits you with a dagger.
* * * LOW HITPOINT WARNING * * *
You block the orc's attack.
Unknown command.
You hit the orc priest but do no damage.
You headbutt the orc priest.
The orc priest is severely wounded.
The orc priest miscasts a cantrip.
The orc hits you with a mace.
You die...

####'### #.#
#.#
######'#######
#............#
#............#
#............#
#............#
#.....o@)....#
+.....))o....+
#............#
#............+
#...<........#
#............#
#............#
#.........(..#


You could see an orc priest and an orc.

Vanquished Creatures
  Terence (D:2)
  3 adders
  2 oozes
  2 worms (D:2)
  A leopard gecko (D:1)
  3 orcs (D:3)
  3 giant cockroaches
  2 goblins (D:1)
  6 hobgoblins
  7 kobolds
  A quokka (D:3)
  5 bats
  3 frilled lizards
  7 rats
46 creatures vanquished.

Notes
Turn   | Place    | Note
-------+----------+-------------------------------------------
     0 | D:1      | Kuinu the Minotaur Fighter began the quest for the Orb.
     0 | D:1      | Reached XP level 1. HP: 19/19 MP: 0/0
   157 | D:1      | Reached XP level 2. HP: 27/27 MP: 1/1
   856 | D:2      | Reached XP level 3. HP: 26/33 MP: 2/2
  1290 | D:2      | Noticed Terence
  1316 | D:2      | Killed Terence
  1316 | D:2      | Reached XP level 4. HP: 31/41 MP: 3/3
  1396 | D:2      | Found a deep blue altar of Sif Muna.
  1642 | D:3      | HP: 2/41 [orc priest/dagger (2)]
  1643 | D:3      | Slain by an orc

Vault maps used:
D:1:      kennysheep_arrival_forest, kennysheep_boxes
D:2:      led_sif_pool, uniq_terence
D:3:      old_standard_altar, lemuel_coloured_pillars_altar, first_ration

Skill      XL: |  1  2  3 |
---------------+----------+-----
Long Blades    | 3 |  3.9
Fighting       | 4 |  4.7
Armour         | 4 |  4.2
Shields        | 4 |  4.3

Action                   |  1- 3 |  4- 6 || total
-------------------------+-------+-------++-------
Melee: Long sword        |    28 |       ||    28
       Headbutt          |    25 |    12 ||    37
       Dagger            |   151 |    40 ||   191
  Use: Scroll            |     3 |       ||     3
  Eat: Chunk             |    15 |     2 ||    17
Armor: Scale mail        |     3 |       ||     3
       Chain mail        |    76 |    28 ||   104
Dodge: Dodged            |    29 |    10 ||    39
Block: Shield            |    69 |    28 ||    97
       Rpst.: Long sword |     3 |       ||     3

Table legend:
 A = Spawn XP
 B = Non-spawn XP
 C = Spawn XP percentage of total XP
 D = Spawn monster count
 E = Non-spawn monster count
 F = Spawn count percentage of total count
 G = Total turns spent on level
                    A         B        C        D         E        F      G
               +---------+---------+-------+---------+---------+-------+---------
         Total |       0 |     161 |   0.0 |       0 |      46 |   0.0 |  1643
               +---------+---------+-------+---------+---------+-------+---------
           D:1 |       0 |      29 |   0.0 |       0 |      15 |   0.0 |   762
           D:2 |       0 |     105 |   0.0 |       0 |      24 |   0.0 |   842
           D:3 |       0 |      27 |   0.0 |       0 |       7 |   0.0 |    39
               +---------+---------+-------+---------+---------+-------+---------
